 Dungeon Crawl Stone Soup version 0.31-a0-202-g547052bce9 (webtiles) character file.

Game seed: 8823614461966180783

29 Essalna the Firebug (level 3, -3/21 HPs)
             Began as a Gargoyle Fire Elementalist on June 27, 2023.
             Slain by an iguana (5 damage)
             ... on level 2 of the Dungeon.
             The game lasted 00:02:33 (1690 turns).

Essalna the Firebug (Gargoyle Fire Elementalist)    Turns: 1690, Time: 00:02:34

Health: -3/21      AC:  6    Str: 11    XL:     3   Next: 16%
Magic:  1/6        EV: 11    Int: 17    God:
Gold:   24         SH:  0    Dex: 10    Spells: 3/6 levels left

rFire   . . .        (no weapon)
rCold   . . .        (no shield)
rNeg    + . .        a - +0 robe
rPois   ∞            (no helmet)
rElec   +            (no cloak)
rCorr   .            (no gloves)
SInv    .            k - +0 pair of boots
Will    .....        (no amulet)
Stlth   ++           (no ring)
HPRegen 0.23/turn    (no ring)
MPRegen 0.10/turn

%: no passive effects
@: no status effects
A: sickness immunity, AC +3, negative energy resistance 1, electricity
resistance, torment resistance 1, petrification resistance
a: no special abilities


You were on level 2 of the Dungeon.
You visited 1 branch of the dungeon, and saw 2 of its levels.

You collected 24 gold pieces.

Inventory:

Armour
 a - a +0 robe (worn)
 k - a +0 pair of boots (worn)
Jewellery
 n - an amulet of faith
Scrolls
 c - a scroll of brand weapon {unknown}
 f - a scroll of enchant armour {unknown}
 g - a scroll of identify {unknown}
 h - a scroll of summoning {unknown}
 i - a scroll of teleportation {unknown}
 l - a scroll of poison {unknown}
 m - 3 scrolls of blinking {unknown}
Potions
 b - a potion of magic
 d - a potion of invisibility {unknown}
 e - a potion of curing {unknown}
 j - a potion of mutation {unknown}


   Skills:
 + Level 1.6 Fighting
 - Level 1.5 Dodging
 - Level 2.1 Stealth
 - Level 2.0 Spellcasting
 + Level 2.0 Conjurations
 + Level 3.4 Fire Magic


You had 3 spell levels left.
You knew the following spells:

 Your Spells              Type           Power      Damage    Failure   Level
a - Foxfire               Conj/Fire      40%        2x1d6     6%          1
b - Scorch                Fire           26%        2d6       7%          2

Your spell library contained the following spells:

 Spells                   Type           Power      Damage    Failure   Level
 Slow                     Hex            4%         N/A       19%         1
 Inner Flame              Hex/Fire       7%         N/A       28%         3
 Volatile Blastmotes      Fire/Tloc      14%        2d11      28%         3
 Stone Arrow              Conj/Erth      10%        3d7       36%         3
 Confusing Touch          Hex            1%         N/A       50%         3
 Vampiric Draining        Necr           1%         2d6       50%         3
 Flame Wave               Conj/Fire      10%        2d6       54%         4
 Fireball                 Conj/Fire      5%         3d5       87%         5
 Animate Armour           Summ/Erth      2%         N/A       88%         4
 Plasma Beam              Fire/Air       3%         2x1d13    100%        6
 Starburst                Conj/Fire      5%         6d4       100%        6
 Lehudib's Crystal Spear  Conj/Erth      2%         10d2      100%        8


Dungeon Overview and Level Annotations

Branches:
Dungeon (2/15)

Altars:

Shops:
D:1 [


Innate Abilities, Weirdness & Mutations

You are immune to sickness and miasma.
Your stone body is resilient. (AC +3)
You are immune to poison.
You resist negative energy. (rN+)
You are resistant to electric shocks. (rElec)
You are resistant to unholy torment.
You are immune to petrification.


Message History

Memorise Scorch, consuming 2 spell levels and leaving 3?
You start memorising the spell.
You continue memorising. x2
You finish memorising.
Spell assigned to 'b'.
No target in view!
No target in view!
No target in view!
You conjure some foxfire!
There is not enough space to conjure foxfire!
There is not enough space to conjure foxfire!
The foxfire hits the iguana.
The iguana is lightly wounded.
The iguana hisses angrily.
Casting: Foxfire (safe; 6% risk of failure)
Confirm with . or Enter, or press ? or * to list all spells.
Flames lash the iguana.
The iguana is moderately wounded.
The iguana's fire resistance burns away.
Casting: Scorch (safe; 7% risk of failure)
Confirm with . or Enter, or press ? or * to list all spells.
Flames lash the iguana.
The iguana is burned terribly!
The iguana is severely wounded.
The iguana bites you but does no damage.
Casting: Scorch (safe; 7% risk of failure)
Confirm with . or Enter, or press ? or * to list all spells.
You don't have enough magic to cast this spell.
Casting: Scorch (safe; 7% risk of failure)
Confirm with . or Enter, or press ? or * to list all spells.
You don't have enough magic to cast this spell.
Casting: Scorch (safe; 7% risk of failure)
Confirm with . or Enter, or press ? or * to list all spells.
You don't have enough magic to cast this spell.
Your foxfire dissipates!
The iguana attacks as you move away! The iguana bites you!
The iguana attacks as you move away! The iguana bites you!
* * * LOW HITPOINT WARNING * * *
The iguana is no longer more vulnerable to fire.
Casting: Scorch (safe; 7% risk of failure)
Confirm with . or Enter, or press ? or * to list all spells.
You conjure some foxfire!
The iguana bites you.
You die...

# . #.# # .. #
##########.# #
#@l........# #
#v########## # #.#
######## #.#
........
#.################
...####
#.#...............
...#########
#.#.#############.
#..........#
##...## #.
#.########.#
##.###.## #.


You could see an iguana (ally target).

Vanquished Creatures
  A dart slug (D:2)
  A bat (D:1)
  3 endoplasms (D:1)
  3 goblins (D:1)
  4 hobgoblins
  6 ball pythons
  5 kobolds (D:1)
  2 rats (D:1)
25 creatures vanquished.

Vanquished Creatures (others)
  89 foxfires
89 creatures vanquished.

Grand Total: 114 creatures vanquished

Notes
Turn   | Place    | Note
-------+----------+-------------------------------------------
     0 | D:1      | Essalna the Gargoyle Fire Elementalist began the quest for
                  | the Orb.
     0 | D:1      | Reached XP level 1. HP: 10/10 MP: 3/3
   118 | D:1      | Reached XP level 2. HP: 16/16 MP: 0/5
   211 | D:1      | Reached skill level 1 in Fighting
   351 | D:1      | Found Adiniyr's Armour Shop.
  1237 | D:2      | Reached XP level 3. HP: 20/20 MP: 3/6
  1672 | D:2      | Learned a level 2 spell: Scorch
  1686 | D:2      | HP: 1/21 [iguana (10)]
  1690 | D:2      | Slain by an iguana

Illustrated notes

Levels and vault maps discovered:
D:1:      minmay_arrival_four_circles, layout_basic, serial_shops, shop,
          hangedman_decor_points, nicolae_figureground_pulse
D:2:      layout_loops_ring, minmay_fractal_squares_gapless_5

Skill      XL: |  1  2  3 |
---------------+----------+-----
Fighting       | 1 |  1.6
Conjurations   | 2 |  2.0
Dodging        | |  1.5
Stealth        | |  2.1
Spellcasting   | |  2.0
Fire Magic     | |  3.4

Action                     || total
---------------------------++-------
  Melee: Unarmed           ||    22
         Punch             ||     1
   Cast: Foxfire           ||    53
         Scorch            ||     2
 Armour: Robe              ||    14
  Dodge: Dodged            ||    16

Table legend: (Time is in decaauts)
 A = Elapsed time spent in this place.
 B = Non-inter-level travel time spent in this place.
 C = Inter-level travel time spent in this place.
 D = Time resting spent in this place.
 E = Time spent auto-exploring this place.
 F = Levels seen in this place.
 G = Mean time per level.
                   A        B        C        D        E       F      G
               +--------+--------+--------+--------+--------+-----+--------+
         Total |   1689 |   1608 |     81 |      0 |   1399 |   2 |  844.5 |
       Dungeon |   1689 |   1608 |     81 |      0 |   1399 |   2 |  844.5 |
               +--------+--------+--------+--------+--------+-----+--------+

Top non-repeatable levels by time:
     D:1: 1234 daAuts
     D:2: 455 daAuts
